Diablos vs Diables
Created - May 6, 2020 at 20:00
Goals
|
Diablos |
0 |
1 |
2 |
3 |
Diables |
0 |
0 |
1 |
1 |
|
Shots
|
Diablos |
12 |
14 |
11 |
37 |
Diables |
11 |
9 |
13 |
33 |
|
1st period
No Goal
Penalties :
No Penalty
2nd period
1. Diablos , Danton Heinen 13 (Jordan Szwarz 42, Peter Holland 10) at 10:57
Penalties :
Max Domi (Alm) for Tripping (Minor) at 0:22, Aleksander Barkov (Alm) for Hooking (Minor) at 7:17, Eric Gustafsson (Alm) for Holding (Minor) at 13:11
3rd period
2. Diables , Pavel Buchnevich 37 (Aleksander Barkov 52) at 0:12
3. Diablos , David Pastrnak 37 (Lars Eller 57) at 4:30
4. Diablos , Lars Eller 36 (Jordan Szwarz 43) at 19:39 (Empty Net)
Penalties :
Nail Yakupov (Alm) for High sticking (Minor) at 13:55
Goalie Stats
Kristers Gudlevskis (Don), 32 saves from 33 shots - (0.970), W, 30-26-5, 60:00 minutes
Alex Nedeljkovic (Alm), 34 saves from 36 shots - (0.944), L, 17-17-8, 59:27 minutes
Players Stats for Diablos
Player Name G A P +/- PIM S H SB GA TA FO MP PP MP PK MP
------------------------------------------------------------------------------------
Alex Petrovic 0 0 0 2 0 2 0 1 1 0 0/0 22:52 3:18 0:00
Andrei Mironov 0 0 0 0 0 0 1 2 0 0 0/0 12:16 0:00 0:00
Brian Dumoulin 0 0 0 3 0 2 3 4 0 0 0/0 26:15 4:38 0:00
Cameron Gaunce 0 0 0 -1 0 2 0 1 0 1 0/0 21:58 3:18 0:00
Corey Trivino 0 0 0 0 0 1 0 0 0 0 1/3 10:03 0:05 0:00
Danton Heinen 1 0 1 1 0 2 0 0 0 0 0/0 18:15 3:49 0:00
David Pastrnak 1 0 1 0 0 4 5 0 1 0 0/1 21:12 3:46 0:00
Jakub Vrana 0 0 0 0 0 1 0 0 0 0 0/1 9:20 0:00 0:00
Jiri Sekac 0 0 0 1 0 2 2 0 1 0 1/1 11:06 0:05 0:00
Jordan Szwarz 0 2 2 2 0 4 1 0 0 0 0/0 19:07 3:49 0:00
Lars Eller 1 1 2 1 0 7 2 0 1 0 12/27 22:22 4:02 0:00
Nick Spaling 0 0 0 0 0 2 2 0 0 1 0/0 21:30 4:02 0:00
Peter Holland 0 1 1 1 0 2 0 2 0 1 8/13 18:17 3:49 0:00
Philip Larsen 0 0 0 1 0 1 2 1 0 0 0/0 11:35 0:00 0:00
Riley Nash 0 0 0 0 0 1 3 0 0 0 2/5 9:20 0:00 0:00
Scott Glennie 0 0 0 0 0 0 1 0 0 0 0/0 9:20 0:00 0:00
Tyler Pitlick 0 0 0 0 0 3 1 0 0 1 0/0 12:21 0:21 0:00
Viktor Loov 0 0 0 -1 0 1 2 1 0 0 0/0 22:51 4:38 0:00
Players Stats for Diables
Player Name G A P +/- PIM S H SB GA TA FO MP PP MP PK MP
------------------------------------------------------------------------------------
Aleksander Barkov 0 1 1 0 2 2 3 0 0 0 10/18 18:16 0:00 0:00
Alex Tuch 0 0 0 -1 0 1 0 0 0 0 0/0 10:27 0:00 0:00
Brandon Prust 0 0 0 -1 0 4 0 0 0 0 0/0 14:21 0:00 3:18
Brock McGinn 0 0 0 -1 0 3 2 1 0 0 0/0 18:09 0:00 3:40
C.J Suess 0 0 0 0 0 1 3 0 0 0 0/0 7:58 0:00 0:09
Carl Gunnarsson 0 0 0 0 0 0 2 1 1 2 0/0 22:16 0:00 3:05
Chris Bigras 0 0 0 0 0 0 1 1 0 0 0/0 8:11 0:00 1:29
Darroll Powe 0 0 0 -1 0 1 0 0 0 0 5/14 16:25 0:00 1:39
Eric Gustafsson 0 0 0 -2 2 0 2 2 0 0 0/0 20:39 0:00 3:11
Frederik Gauthier 0 0 0 -1 0 0 0 1 1 0 7/11 15:12 0:00 4:04
Gustav Olofsson 0 0 0 0 0 0 2 1 0 0 0/0 10:26 0:00 0:19
Marc-André Bourdon 0 0 0 0 0 1 0 1 0 2 0/0 15:16 0:00 0:00
Mark Jankowski 0 0 0 0 0 1 2 0 0 0 4/5 10:11 0:00 2:13
Max Domi 0 0 0 0 2 5 1 0 0 0 0/0 19:48 0:00 0:49
Mikko Lehtonen 0 0 0 0 0 4 0 0 1 0 0/1 7:32 0:00 0:00
Nail Yakupov 0 0 0 -1 2 0 1 0 0 0 0/0 14:49 0:00 0:00
Nikita Zadorov 0 0 0 -1 0 1 0 1 0 0 0/0 19:33 0:00 3:05
Pavel Buchnevich 1 0 1 0 0 5 0 1 0 0 1/2 18:12 0:00 0:00
Will Butcher 0 0 0 -1 0 4 0 4 1 0 0/0 24:19 0:00 4:43
3 Stars
1 - Kristers Gudlevskis (Don)
2 - Lars Eller (Don)
3 - David Pastrnak (Don)
Power Play
Diablos - 0 on 4 Attempt(s) - 0.00%
Diables - 0 on 0 Attempt(s) - 0.00%
Penalty Kill
Diablos - 0 on 0 Attempt(s) - 0.00%
- Score 0 goal in Penalty Kill
Diables - 4 on 4 Attempt(s) - 100.00%
- Score 0 goal in Penalty Kill
Team Stat
Diablos - Hits : 25 - Faceoff Wins : 24 - Blocked Shots : 12 - Penalty Minutes : 0
Diables - Hits : 19 - Faceoff Wins : 27 - Blocked Shots : 14 - Penalty Minutes : 8
Official
Referees : Unknown
Linesman : Unknown
Game Notes
Philip Larsen is injured at 11:30 of 2nd period (Right Leg)
Lars Eller has scored in a empty net!
Finance
Level 1 -- Attendance: 1239 (61.95%) -- Ticket Income $49,560
Level 2 -- Attendance: 679 (67.90%) -- Ticket Income $13,580
Total Attendance: 1918 (63.93%)
Total Ticket Income: $63,140
Other Income: $3,157
Total Income: $66,297
Diablos
5 vs 5 Forward
Center Left Wing Right Wing Time % Phy DF OF
1 Lars Eller Nick Spaling David Pastrnak 45 0 0 5
2 Peter Holland Danton Heinen Jordan Szwarz 30 0 0 5
3 Corey Trivino Jiri Sekac Tyler Pitlick 15 0 2 3
4 Riley Nash Jakub Vrana Scott Glennie 10 0 3 2
5 vs 5 Defense
Defense Defense Time % Phy DF OF
1 Brian Dumoulin Philip Larsen 40 0 2 3
2 Cameron Gaunce Viktor Loov 30 0 2 3
3 Andrei Mironov Alex Petrovic 20 0 3 2
4 Brian Dumoulin Philip Larsen 10 0 2 3
PowerPlay Forward
Center Left Wing Right Wing Time % Phy DF OF
1 Lars Eller Nick Spaling David Pastrnak 60 0 0 5
2 Peter Holland Danton Heinen Jordan Szwarz 40 0 0 5
PowerPlay Defense
Defense Defense Time % Phy DF OF
1 Brian Dumoulin Viktor Loov 60 0 1 4
2 Cameron Gaunce Alex Petrovic 40 0 1 4
Penalty Kill 4 Players Forward
Center Wing Time % Phy DF OF
1 Corey Trivino Tyler Pitlick 60 1 4 0
2 Lars Eller Jordan Szwarz 40 1 4 0
Penalty Kill 4 Players Defense
Defense Defense Time % Phy DF OF
1 Brian Dumoulin Viktor Loov 60 1 4 0
2 Philip Larsen Alex Petrovic 40 1 4 0
Penalty Kill - 3 Players Forward
Forward Time % Phy DF OF
1 Corey Trivino 60 0 5 0
2 Lars Eller 40 0 5 0
Penalty Kill - 3 Players Defense
Defense Defense Time % Phy DF OF
1 Philip Larsen Viktor Loov 60 0 5 0
2 Alex Petrovic Andrei Mironov 40 0 5 0
4 vs 4 Forward
Center Wing Time % Phy DF OF
1 Lars Eller Jordan Szwarz 60 0 2 3
2 Corey Trivino David Pastrnak 40 0 2 3
4 vs 4 Defense
Defense Defense Time % Phy DF OF
1 Viktor Loov Philip Larsen 60 0 2 3
2 Alex Petrovic Brian Dumoulin 40 0 2 3
Last Minutes Offensive
Center Left Wing Right Wing Defense Defense
Lars Eller Nick Spaling David Pastrnak Brian Dumoulin Philip Larsen
Last Minutes Defensive
Center Left Wing Right Wing Defense Defense
Lars Eller Jiri Sekac Jordan Szwarz Viktor Loov Philip Larsen
Goaltenders
Starting : Kristers Gudlevskis
Backup : Joni Ortio
Extra Forwards
Normal : David Pastrnak, Danton Heinen, Jordan Szwarz - PP : David Pastrnak, Lars Eller - PK : Lars Eller
Extra Defensemen
Normal : Brian Dumoulin, Philip Larsen, Alex Petrovic - PP : Brian Dumoulin - PK : Philip Larsen, Viktor Loov
Penalty Shots
Peter Holland, Lars Eller, Jordan Szwarz, David Pastrnak, Danton Heinen
Scratches
Jamie Devane (Healthy), Matt Lindblad (Healthy), Tyler Lewington (Healthy), Tobias Lindberg (Healthy), Ty Rattie (Healthy)
Andrey Pedan (Healthy), Stuart Percy (Healthy), Charles Hudon (Healthy), Anthony Camara (Healthy), Sergey Tolchinsky (Healthy)
Branden Troock (Healthy), Adrian Kempe (Broken Bone (Right Arm) Injury), Dominic Turgeon (Healthy), Jack Glover (Healthy), Ryan MacInnis (Healthy)
Matt Tomkins (Healthy)
Diables
5 vs 5 Forward
Center Left Wing Right Wing Time % Phy DF OF
1 Aleksander Barkov Max Domi Pavel Buchnevich 40 1 2 2
2 Darroll Powe Brock McGinn Nail Yakupov 30 1 2 2
3 Frederik Gauthier Brandon Prust Alex Tuch 20 1 2 2
4 Mark Jankowski C.J Suess Mikko Lehtonen 10 1 2 2
5 vs 5 Defense
Defense Defense Time % Phy DF OF
1 Carl Gunnarsson Will Butcher 40 1 2 2
2 Nikita Zadorov Eric Gustafsson 30 1 2 2
3 Gustav Olofsson Marc-André Bourdon 20 1 2 2
4 Chris Bigras Marc-André Bourdon 10 1 2 2
PowerPlay Forward
Center Left Wing Right Wing Time % Phy DF OF
1 Frederik Gauthier Brock McGinn Nail Yakupov 60 1 2 2
2 Aleksander Barkov Max Domi Pavel Buchnevich 40 1 2 2
PowerPlay Defense
Defense Defense Time % Phy DF OF
1 Nikita Zadorov Will Butcher 60 1 2 2
2 Eric Gustafsson Carl Gunnarsson 40 1 2 2
Penalty Kill 4 Players Forward
Center Wing Time % Phy DF OF
1 Frederik Gauthier Brock McGinn 60 1 2 2
2 Darroll Powe Brandon Prust 40 1 2 2
Penalty Kill 4 Players Defense
Defense Defense Time % Phy DF OF
1 Will Butcher Eric Gustafsson 60 1 2 2
2 Nikita Zadorov Carl Gunnarsson 40 1 2 2
Penalty Kill - 3 Players Forward
Forward Time % Phy DF OF
1 Darroll Powe 60 1 2 2
2 Frederik Gauthier 40 1 2 2
Penalty Kill - 3 Players Defense
Defense Defense Time % Phy DF OF
1 Marc-André Bourdon Eric Gustafsson 60 1 2 2
2 Nikita Zadorov Will Butcher 40 1 2 2
4 vs 4 Forward
Center Wing Time % Phy DF OF
1 Mark Jankowski Pavel Buchnevich 60 1 2 2
2 Frederik Gauthier Brock McGinn 40 1 2 2
4 vs 4 Defense
Defense Defense Time % Phy DF OF
1 Will Butcher Carl Gunnarsson 60 1 2 2
2 Chris Bigras Marc-André Bourdon 40 1 2 2
Last Minutes Offensive
Center Left Wing Right Wing Defense Defense
Aleksander Barkov Max Domi Pavel Buchnevich Eric Gustafsson Will Butcher
Last Minutes Defensive
Center Left Wing Right Wing Defense Defense
Frederik Gauthier Brock McGinn Pavel Buchnevich Eric Gustafsson Marc-André Bourdon
Goaltenders
Starting : Alex Nedeljkovic
Backup : Mark Visentin
Extra Forwards
Normal : Max Domi, Mark Jankowski, Frederik Gauthier - PP : Max Domi, Mark Jankowski - PK : Frederik Gauthier
Extra Defensemen
Normal : Gustav Olofsson, Nikita Zadorov, Will Butcher - PP : Chris Bigras - PK : Chris Bigras, Gustav Olofsson
Penalty Shots
Darroll Powe, Pavel Buchnevich, Brock McGinn, Brandon Prust, Alex Tuch
Scratches
Louis Leblanc (Healthy), Stephen Harper (Healthy), Emil Djuse (Healthy), Christian Thomas (Healthy), Cole Cassels (Healthy)
Jeremy Gregoire (Healthy), Zac Leslie (Right Knee Injury), Connor Hurley (Healthy), Andreas Johnsson (Healthy), Mike Zigomanis (Healthy)
Brett Ritchie (Healthy), Daniel Zaar (Healthy), Anders Bjork (Healthy), Brett Lernout (Strained Right Elbow Injury), Hunter Smith (Healthy)
Jack Campbell (Healthy)
% Time on Ice - Diablos
Lines # - Real PCT - Wanted PCT - Time Play
Normal Forward
1 - 35% - 45% - 17:44
2 - 28% - 30% - 14:26
3 - 19% - 15% - 9:42
4 - 18% - 10% - 9:20
Normal Defense
1 - 41% - 40% - 21:13
2 - 33% - 30% - 16:58
3 - 17% - 20% - 8:47
4 - 8% - 10% - 4:14
PP Forward
1 - 52% - 60% - 4:07
2 - 48% - 40% - 3:49
PP Defense
1 - 58% - 60% - 4:38
2 - 42% - 40% - 3:18
PK Forward
1 - 0% - 60%
2 - 0% - 40%
PK Defense
1 - 0% - 60%
2 - 0% - 40%
PK3 Forward
1 - 0% - 60%
2 - 0% - 40%
PK3 Defense
1 - 0% - 60%
2 - 0% - 40%
44 Forward
1 - 0% - 60%
2 - 0% - 40%
44 Defense
1 - 0% - 60%
2 - 0% - 40%
Last Minute Offensive - 0:00
Last Minute Defensive - 0:52
Total
Forward - 60:00
Defense - 60:00
|
% Time on Ice - Diables
Lines # - Real PCT - Wanted PCT - Time Play
Normal Forward
1 - 37% - 40% - 18:41
2 - 28% - 30% - 14:29
3 - 20% - 20% - 10:27
4 - 15% - 10% - 7:32
Normal Defense
1 - 38% - 40% - 19:38
2 - 32% - 30% - 16:15
3 - 18% - 20% - 9:23
4 - 12% - 10% - 5:53
PP Forward
1 - 0% - 60%
2 - 0% - 40%
PP Defense
1 - 0% - 60%
2 - 0% - 40%
PK Forward
1 - 80% - 60% - 6:23
2 - 20% - 40% - 1:33
PK Defense
1 - 61% - 60% - 4:51
2 - 39% - 40% - 3:05
PK3 Forward
1 - 0% - 60%
2 - 0% - 40%
PK3 Defense
1 - 0% - 60%
2 - 0% - 40%
44 Forward
1 - 0% - 60%
2 - 0% - 40%
44 Defense
1 - 0% - 60%
2 - 0% - 40%
Last Minute Offensive - 0:55
Last Minute Defensive - 0:00
Total
Forward - 60:00
Defense - 60:00
|
Play-by-Play
1st period
0:01 of 1st period - Lars Eller wins face-off versus Aleksander Barkov in neutral zone.
0:13 of 1st period - Wrist shot by Pavel Buchnevich.
0:13 of 1st period - Shot Misses the Net.
0:15 of 1st period - Backhand shot by Carl Gunnarsson.
0:15 of 1st period - Shot Misses the Net.
1:16 of 1st period - Corey Trivino is hit by Gustav Olofsson and loses puck.
1:29 of 1st period - Aleksander Barkov is hit by Brian Dumoulin and loses puck.
1:48 of 1st period - Snap shot by Pavel Buchnevich.
1:48 of 1st period - Deflect By Aleksander Barkov.
1:48 of 1st period - Shot Blocked by Brian Dumoulin.
1:48 of 1st period - Puck is out of play.
1:49 of 1st period - Mark Jankowski wins face-off versus Riley Nash in Diablos zone.
1:52 of 1st period - Slapshot by Mark Jankowski.
1:52 of 1st period - Deflect By Mikko Lehtonen.
1:52 of 1st period - Shot Misses the Net.
1:52 of 1st period - Puck is out of play.
1:53 of 1st period - Mark Jankowski wins face-off versus Riley Nash in Diablos zone.
2:02 of 1st period - Wrist shot by Riley Nash.
2:02 of 1st period - Deflect By Scott Glennie.
2:02 of 1st period - Shot Blocked by Carl Gunnarsson.
2:02 of 1st period - Puck is out of play.
2:03 of 1st period - Peter Holland wins face-off versus Darroll Powe in Diables zone.
2:08 of 1st period - Wrist shot by Danton Heinen.
2:08 of 1st period - Shot Blocked by Chris Bigras.
2:30 of 1st period - Marc-André Bourdon is hit by Riley Nash and loses puck.
2:55 of 1st period - Viktor Loov is hit by Aleksander Barkov and loses puck.
3:06 of 1st period - Pavel Buchnevich is hit by Nick Spaling and loses puck.
4:00 of 1st period - Slapshot by Will Butcher.
4:00 of 1st period - Shot Blocked by Brian Dumoulin.
5:02 of 1st period - Nail Yakupov is hit by Viktor Loov and loses puck.
5:53 of 1st period - Wrist shot by Lars Eller.
5:53 of 1st period - Shot Misses the Net.
6:07 of 1st period - Snap shot by Carl Gunnarsson.
6:07 of 1st period - Shot Misses the Net.
6:53 of 1st period - Slapshot by Will Butcher.
6:53 of 1st period - Stopped by Kristers Gudlevskis without a rebound.
6:54 of 1st period - Aleksander Barkov wins face-off versus Peter Holland in Diablos zone.
7:06 of 1st period - Wrist shot by Aleksander Barkov.
7:06 of 1st period - Stopped by Kristers Gudlevskis without a rebound.
7:07 of 1st period - Pavel Buchnevich wins face-off versus Lars Eller in Diablos zone.
7:16 of 1st period - Snap shot by Pavel Buchnevich.
7:16 of 1st period - Shot Misses the Net.
7:18 of 1st period - Wrist shot by Max Domi.
7:18 of 1st period - Stopped by Kristers Gudlevskis without a rebound.
7:19 of 1st period - Aleksander Barkov wins face-off versus David Pastrnak in Diablos zone.
7:22 of 1st period - Wrist shot by Aleksander Barkov.
7:22 of 1st period - Shot Blocked by Brian Dumoulin.
7:26 of 1st period - Snap shot by Max Domi.
7:26 of 1st period - Shot Misses the Net.
7:28 of 1st period - Snap shot by Eric Gustafsson.
7:28 of 1st period - Deflect By Pavel Buchnevich.
7:28 of 1st period - Stopped by Kristers Gudlevskis with a rebound.
7:30 of 1st period - Slapshot by Nikita Zadorov.
7:30 of 1st period - Stopped by Kristers Gudlevskis without a rebound.
7:31 of 1st period - Lars Eller wins face-off versus Darroll Powe in Diablos zone.
7:40 of 1st period - Wrist shot by David Pastrnak.
7:40 of 1st period - Stopped by Alex Nedeljkovic with a rebound.
8:05 of 1st period - Snap shot by Aleksander Barkov.
8:05 of 1st period - Deflect By Philip Larsen.
8:05 of 1st period - Shot Misses the Net.
8:05 of 1st period - Puck is out of play.
8:06 of 1st period - Peter Holland wins face-off versus Darroll Powe in Diablos zone.
8:37 of 1st period - Wrist shot by Aleksander Barkov.
8:37 of 1st period - Shot Misses the Net.
8:54 of 1st period - Off-side.
8:55 of 1st period - Frederik Gauthier wins face-off versus Corey Trivino in neutral zone.
9:28 of 1st period - Snap shot by Nick Spaling.
9:28 of 1st period - Shot Misses the Net.
9:30 of 1st period - Snap shot by Alex Petrovic.
9:30 of 1st period - Stopped by Alex Nedeljkovic with a rebound.
9:44 of 1st period - Philip Larsen is hit by Brock McGinn and loses puck.
10:01 of 1st period - C.J Suess is hit by Philip Larsen and loses puck.
10:48 of 1st period - Viktor Loov is hit by Chris Bigras and loses puck.
10:55 of 1st period - Wrist shot by Brandon Prust.
10:55 of 1st period - Shot Misses the Net.
11:25 of 1st period - Cameron Gaunce is hit by C.J Suess and loses puck.
11:34 of 1st period - Slapshot by Mark Jankowski.
11:34 of 1st period - Shot Misses the Net.
11:44 of 1st period - Snap shot by Max Domi.
11:44 of 1st period - Shot Misses the Net.
12:16 of 1st period - Cameron Gaunce is hit by Gustav Olofsson and loses puck.
12:51 of 1st period - Off-side.
12:52 of 1st period - Riley Nash wins face-off versus Mikko Lehtonen in neutral zone.
13:03 of 1st period - Off-side.
13:04 of 1st period - Aleksander Barkov wins face-off versus Lars Eller in neutral zone.
13:18 of 1st period - Snap shot by Max Domi.
13:18 of 1st period - Stopped by Kristers Gudlevskis with a rebound.
13:20 of 1st period - Snap shot by Pavel Buchnevich.
13:20 of 1st period - Deflect By Lars Eller.
13:20 of 1st period - Stopped by Kristers Gudlevskis with a rebound.
13:34 of 1st period - Wrist shot by Jordan Szwarz.
13:34 of 1st period - Stopped by Alex Nedeljkovic with a rebound.
13:36 of 1st period - Wrist shot by Peter Holland.
13:36 of 1st period - Shot Blocked by Nikita Zadorov.
13:38 of 1st period - Snap shot by Peter Holland.
13:38 of 1st period - Stopped by Alex Nedeljkovic with a rebound.
13:40 of 1st period - Wrist shot by Jordan Szwarz.
13:40 of 1st period - Stopped by Alex Nedeljkovic with a rebound.
13:52 of 1st period - Jiri Sekac is hit by Eric Gustafsson and loses puck.
14:01 of 1st period - Slapshot by Brandon Prust.
14:01 of 1st period - Stopped by Kristers Gudlevskis with a rebound.
14:14 of 1st period - Nikita Zadorov is hit by Andrei Mironov and loses puck.
14:21 of 1st period - Wrist shot by Eric Gustafsson.
14:21 of 1st period - Shot Blocked by Andrei Mironov.
14:26 of 1st period - Off-side.
14:27 of 1st period - Lars Eller wins face-off versus Aleksander Barkov in neutral zone.
14:52 of 1st period - Brock McGinn is hit by Brian Dumoulin and loses puck.
15:11 of 1st period - Wrist shot by Riley Nash.
15:11 of 1st period - Stopped by Alex Nedeljkovic with a rebound.
15:17 of 1st period - Wrist shot by Riley Nash.
15:17 of 1st period - Deflect By Jakub Vrana.
15:17 of 1st period - Stopped by Alex Nedeljkovic with a rebound.
16:25 of 1st period - Slapshot by Alex Petrovic.
16:25 of 1st period - Stopped by Alex Nedeljkovic without a rebound.
16:26 of 1st period - Aleksander Barkov wins face-off versus Jakub Vrana in Diables zone.
16:51 of 1st period - Darroll Powe is hit by David Pastrnak and loses puck.
17:12 of 1st period - Slapshot by Jordan Szwarz.
17:12 of 1st period - Stopped by Alex Nedeljkovic without a rebound.
17:13 of 1st period - Peter Holland wins face-off versus Frederik Gauthier in Diables zone.
17:22 of 1st period - Wrist shot by Danton Heinen.
17:22 of 1st period - Deflect By Eric Gustafsson.
17:22 of 1st period - Stopped by Alex Nedeljkovic with a rebound.
17:38 of 1st period - Max Domi is hit by David Pastrnak and loses puck.
18:23 of 1st period - Alex Petrovic is hit by C.J Suess and loses puck.
18:46 of 1st period - Snap shot by Brandon Prust.
18:46 of 1st period - Stopped by Kristers Gudlevskis with a rebound.
18:48 of 1st period - Slapshot by Eric Gustafsson.
18:48 of 1st period - Shot Blocked by Andrei Mironov.
19:02 of 1st period - Alex Petrovic is hit by Aleksander Barkov and loses puck.
19:29 of 1st period - Snap shot by Jiri Sekac.
19:29 of 1st period - Shot Misses the Net.
19:31 of 1st period - Slapshot by Tyler Pitlick.
19:31 of 1st period - Stopped by Alex Nedeljkovic with a rebound.
19:33 of 1st period - Wrist shot by Tyler Pitlick.
19:33 of 1st period - Stopped by Alex Nedeljkovic with a rebound.
19:47 of 1st period - Slapshot by Mikko Lehtonen.
19:47 of 1st period - Stopped by Kristers Gudlevskis without a rebound.
19:48 of 1st period - Mark Jankowski wins face-off versus Lars Eller in Diablos zone.
19:53 of 1st period - Slapshot by Mikko Lehtonen.
19:53 of 1st period - Stopped by Kristers Gudlevskis with a rebound.
19:59 of 1st period - Marc-André Bourdon is hit by Philip Larsen and loses puck.
Goals for this period are 0 for Diablos vs 0 for Diables.
Shots for this period are 12 for Diablos vs 11 for Diables.
2nd period
0:01 of 2nd period - Lars Eller wins face-off versus Aleksander Barkov in neutral zone.
0:12 of 2nd period - Wrist shot by David Pastrnak.
0:12 of 2nd period - Stopped by Alex Nedeljkovic with a rebound.
0:14 of 2nd period - Snap shot by Nick Spaling.
0:14 of 2nd period - Shot Blocked by Will Butcher.
0:22 of 2nd period - Minor Penalty to Max Domi for Tripping.
0:23 of 2nd period - Frederik Gauthier wins face-off versus Lars Eller in Diables zone.
2:22 of 2nd period - Penalty to Max Domi is over, Max Domi is back on ice.
2:33 of 2nd period - Max Domi is hit by Jiri Sekac and loses puck.
2:45 of 2nd period - Icing by Max Domi.
2:46 of 2nd period - Riley Nash wins face-off versus Pavel Buchnevich in Diables zone.
2:47 of 2nd period - Slapshot by Brian Dumoulin.
2:47 of 2nd period - Stopped by Alex Nedeljkovic with a rebound.
3:37 of 2nd period - Wrist shot by Lars Eller.
3:37 of 2nd period - Stopped by Alex Nedeljkovic with a rebound.
3:39 of 2nd period - Slapshot by Lars Eller.
3:39 of 2nd period - Stopped by Alex Nedeljkovic with a rebound.
3:41 of 2nd period - Wrist shot by David Pastrnak.
3:41 of 2nd period - Shot Blocked by Will Butcher.
4:14 of 2nd period - Aleksander Barkov is hit by Riley Nash and loses puck.
5:15 of 2nd period - Snap shot by Mikko Lehtonen.
5:15 of 2nd period - Stopped by Kristers Gudlevskis with a rebound.
5:17 of 2nd period - Wrist shot by Mark Jankowski.
5:17 of 2nd period - Stopped by Kristers Gudlevskis with a rebound.
6:13 of 2nd period - Marc-André Bourdon is hit by Jiri Sekac and loses puck.
6:18 of 2nd period - Wrist shot by Jiri Sekac.
6:18 of 2nd period - Stopped by Alex Nedeljkovic without a rebound.
6:19 of 2nd period - Peter Holland wins face-off versus Aleksander Barkov in Diables zone.
6:52 of 2nd period - Slapshot by Philip Larsen.
6:52 of 2nd period - Deflect By Eric Gustafsson.
6:52 of 2nd period - Stopped by Alex Nedeljkovic without a rebound.
6:53 of 2nd period - Lars Eller wins face-off versus Darroll Powe in Diables zone.
7:06 of 2nd period - Slapshot by Nick Spaling.
7:06 of 2nd period - Stopped by Alex Nedeljkovic without a rebound.
7:07 of 2nd period - Lars Eller wins face-off versus Aleksander Barkov in Diables zone.
7:17 of 2nd period - Minor Penalty to Aleksander Barkov for Hooking.
7:18 of 2nd period - Frederik Gauthier wins face-off versus Lars Eller in Diables zone.
7:50 of 2nd period - Slapshot by Brian Dumoulin.
7:50 of 2nd period - Stopped by Alex Nedeljkovic with a rebound.
8:30 of 2nd period - Darroll Powe is hit by David Pastrnak and loses puck.
9:17 of 2nd period - Penalty to Aleksander Barkov is over, Aleksander Barkov is back on ice.
9:29 of 2nd period - Snap shot by Aleksander Barkov.
9:29 of 2nd period - Shot Misses the Net.
9:41 of 2nd period - Cameron Gaunce is hit by Mark Jankowski and loses puck.
10:12 of 2nd period - Wrist shot by Cameron Gaunce.
10:12 of 2nd period - Shot Blocked by Will Butcher.
10:14 of 2nd period - Slapshot by Tyler Pitlick.
10:14 of 2nd period - Deflect By Jiri Sekac.
10:14 of 2nd period - Stopped by Alex Nedeljkovic with a rebound.
10:16 of 2nd period - Wrist shot by Tyler Pitlick.
10:16 of 2nd period - Shot Misses the Net.
10:18 of 2nd period - Slapshot by Tyler Pitlick.
10:18 of 2nd period - Stopped by Alex Nedeljkovic with a rebound.
10:51 of 2nd period - Slapshot by Brandon Prust.
10:51 of 2nd period - Stopped by Kristers Gudlevskis without a rebound.
10:52 of 2nd period - Peter Holland wins face-off versus Frederik Gauthier in Diablos zone.
10:57 of 2nd period - Wrist shot by Danton Heinen.
10:57 of 2nd period - Goal by Danton Heinen - Diablos : 1 - Diables : 0.
10:58 of 2nd period - Lars Eller wins face-off versus Aleksander Barkov in neutral zone.
11:30 of 2nd period - Snap shot by Darroll Powe.
11:30 of 2nd period - Shot Blocked by Philip Larsen.
11:30 of 2nd period - Philip Larsen from Diablos is injured at 11:30 of 2nd period (Right Leg).
11:31 of 2nd period - Lars Eller wins face-off versus Aleksander Barkov in Diablos zone.
11:46 of 2nd period - Backhand shot by Pavel Buchnevich.
11:46 of 2nd period - Stopped by Kristers Gudlevskis without a rebound.
11:47 of 2nd period - Darroll Powe wins face-off versus Peter Holland in Diablos zone.
11:50 of 2nd period - Wrist shot by Darroll Powe.
11:50 of 2nd period - Deflect By Brock McGinn.
11:50 of 2nd period - Stopped by Kristers Gudlevskis without a rebound.
11:51 of 2nd period - Peter Holland wins face-off versus Darroll Powe in Diablos zone.
11:58 of 2nd period - Snap shot by Brock McGinn.
11:58 of 2nd period - Stopped by Kristers Gudlevskis with a rebound.
12:00 of 2nd period - Slapshot by Will Butcher.
12:00 of 2nd period - Stopped by Kristers Gudlevskis without a rebound.
12:01 of 2nd period - Aleksander Barkov wins face-off versus Lars Eller in Diablos zone.
12:37 of 2nd period - Snap shot by Nick Spaling.
12:37 of 2nd period - Stopped by Alex Nedeljkovic with a rebound.
12:39 of 2nd period - Slapshot by David Pastrnak.
12:39 of 2nd period - Stopped by Alex Nedeljkovic with a rebound.
12:41 of 2nd period - Slapshot by Cameron Gaunce.
12:41 of 2nd period - Shot Misses the Net.
12:43 of 2nd period - Snap shot by Nick Spaling.
12:43 of 2nd period - Shot Misses the Net.
12:45 of 2nd period - Slapshot by Viktor Loov.
12:45 of 2nd period - Shot Blocked by Frederik Gauthier.
12:47 of 2nd period - Snap shot by David Pastrnak.
12:47 of 2nd period - Shot Blocked by Will Butcher.
12:49 of 2nd period - Snap shot by Lars Eller.
12:49 of 2nd period - Stopped by Alex Nedeljkovic without a rebound.
12:50 of 2nd period - Aleksander Barkov wins face-off versus Peter Holland in Diables zone.
13:11 of 2nd period - Minor Penalty to Eric Gustafsson for Holding.
13:12 of 2nd period - Frederik Gauthier wins face-off versus Lars Eller in Diables zone.
15:06 of 2nd period - Brian Dumoulin is hit by Max Domi and loses puck.
15:11 of 2nd period - Penalty to Eric Gustafsson is over, Eric Gustafsson is back on ice.
15:42 of 2nd period - Eric Gustafsson is hit by Scott Glennie and loses puck.
16:15 of 2nd period - Riley Nash is hit by Mark Jankowski and loses puck.
17:07 of 2nd period - Wrist shot by Pavel Buchnevich.
17:07 of 2nd period - Stopped by Kristers Gudlevskis with a rebound.
17:53 of 2nd period - Frederik Gauthier is hit by Brian Dumoulin and loses puck.
18:04 of 2nd period - Nikita Zadorov is hit by Riley Nash and loses puck.
18:56 of 2nd period - Brock McGinn is hit by Lars Eller and loses puck.
19:04 of 2nd period - Icing by Brock McGinn.
19:05 of 2nd period - Jiri Sekac wins face-off versus Mark Jankowski in Diables zone.
19:14 of 2nd period - Wrist shot by C.J Suess.
19:14 of 2nd period - Stopped by Kristers Gudlevskis with a rebound.
19:30 of 2nd period - Carl Gunnarsson is hit by David Pastrnak and loses puck.
Goals for this period are 1 for Diablos vs 0 for Diables.
Shots for this period are 14 for Diablos vs 9 for Diables.
3rd period
0:01 of 3rd period - Aleksander Barkov wins face-off versus Lars Eller in neutral zone.
0:12 of 3rd period - Wrist shot by Pavel Buchnevich.
0:12 of 3rd period - Goal by Pavel Buchnevich - Diablos : 1 - Diables : 1.
0:13 of 3rd period - Aleksander Barkov wins face-off versus Lars Eller in neutral zone.
0:20 of 3rd period - Slapshot by Will Butcher.
0:20 of 3rd period - Shot Misses the Net.
0:26 of 3rd period - Slapshot by David Pastrnak.
0:26 of 3rd period - Shot Misses the Net.
0:28 of 3rd period - Slapshot by Cameron Gaunce.
0:28 of 3rd period - Stopped by Alex Nedeljkovic without a rebound.
0:29 of 3rd period - Peter Holland wins face-off versus Darroll Powe in Diables zone.
0:34 of 3rd period - Wrist shot by Peter Holland.
0:34 of 3rd period - Shot Blocked by Brock McGinn.
0:42 of 3rd period - Snap shot by Danton Heinen.
0:42 of 3rd period - Shot Blocked by Marc-André Bourdon.
0:44 of 3rd period - Snap shot by Danton Heinen.
0:44 of 3rd period - Shot Blocked by Gustav Olofsson.
0:56 of 3rd period - Viktor Loov is hit by Aleksander Barkov and loses puck.
1:03 of 3rd period - Slapshot by Cameron Gaunce.
1:03 of 3rd period - Stopped by Alex Nedeljkovic with a rebound.
1:15 of 3rd period - Snap shot by Riley Nash.
1:15 of 3rd period - Shot Blocked by Pavel Buchnevich.
1:23 of 3rd period - Slapshot by Max Domi.
1:23 of 3rd period - Shot Misses the Net.
1:25 of 3rd period - Snap shot by Pavel Buchnevich.
1:25 of 3rd period - Shot Misses the Net.
1:27 of 3rd period - Slapshot by Marc-André Bourdon.
1:27 of 3rd period - Shot Hit the Post.
1:29 of 3rd period - Wrist shot by Aleksander Barkov.
1:29 of 3rd period - Stopped by Kristers Gudlevskis with a rebound.
1:31 of 3rd period - Slapshot by Marc-André Bourdon.
1:31 of 3rd period - Stopped by Kristers Gudlevskis without a rebound.
1:32 of 3rd period - Darroll Powe wins face-off versus Lars Eller in Diablos zone.
1:39 of 3rd period - Cameron Gaunce is hit by Brock McGinn and loses puck.
2:04 of 3rd period - Slapshot by Will Butcher.
2:04 of 3rd period - Stopped by Kristers Gudlevskis without a rebound.
2:05 of 3rd period - Frederik Gauthier wins face-off versus Peter Holland in Diablos zone.
2:14 of 3rd period - Slapshot by Eric Gustafsson.
2:14 of 3rd period - Deflect By Alex Tuch.
2:14 of 3rd period - Shot Misses the Net.
2:14 of 3rd period - Puck is out of play.
2:15 of 3rd period - Lars Eller wins face-off versus Frederik Gauthier in Diablos zone.
2:36 of 3rd period - Slapshot by Eric Gustafsson.
2:36 of 3rd period - Shot Blocked by Peter Holland.
2:38 of 3rd period - Snap shot by Frederik Gauthier.
2:38 of 3rd period - Deflect By Alex Tuch.
2:38 of 3rd period - Shot Misses the Net.
2:38 of 3rd period - Puck is out of play.
2:39 of 3rd period - Peter Holland wins face-off versus Aleksander Barkov in Diablos zone.
2:49 of 3rd period - Will Butcher is hit by Viktor Loov.
4:00 of 3rd period - Snap shot by Peter Holland.
4:00 of 3rd period - Stopped by Alex Nedeljkovic with a rebound.
4:20 of 3rd period - Wrist shot by Max Domi.
4:20 of 3rd period - Stopped by Kristers Gudlevskis without a rebound.
4:21 of 3rd period - Lars Eller wins face-off versus Darroll Powe in Diablos zone.
4:30 of 3rd period - Snap shot by David Pastrnak.
4:30 of 3rd period - Goal by David Pastrnak - Diablos : 2 - Diables : 1.
4:31 of 3rd period - Lars Eller wins face-off versus Darroll Powe in neutral zone.
4:40 of 3rd period - Slapshot by Lars Eller.
4:40 of 3rd period - Stopped by Alex Nedeljkovic without a rebound.
4:41 of 3rd period - Darroll Powe wins face-off versus Lars Eller in Diables zone.
5:00 of 3rd period - Wrist shot by Lars Eller.
5:00 of 3rd period - Stopped by Alex Nedeljkovic without a rebound.
5:01 of 3rd period - Frederik Gauthier wins face-off versus Corey Trivino in Diables zone.
5:01 of 3rd period - Frederik Gauthier is hit by Tyler Pitlick.
5:54 of 3rd period - Carl Gunnarsson is hit by David Pastrnak and loses puck.
6:01 of 3rd period - Cameron Gaunce is hit by Carl Gunnarsson and loses puck.
6:20 of 3rd period - Wrist shot by Max Domi.
6:20 of 3rd period - Shot Blocked by Cameron Gaunce.
6:32 of 3rd period - Snap shot by Jordan Szwarz.
6:32 of 3rd period - Shot Blocked by Eric Gustafsson.
6:34 of 3rd period - Snap shot by Riley Nash.
6:34 of 3rd period - Shot Misses the Net.
6:36 of 3rd period - Slapshot by Cameron Gaunce.
6:36 of 3rd period - Shot Blocked by Eric Gustafsson.
6:58 of 3rd period - Wrist shot by Mikko Lehtonen.
6:58 of 3rd period - Stopped by Kristers Gudlevskis with a rebound.
7:52 of 3rd period - Cameron Gaunce is hit by C.J Suess and loses puck.
8:03 of 3rd period - Snap shot by Mark Jankowski.
8:03 of 3rd period - Shot Misses the Net.
8:05 of 3rd period - Slapshot by Chris Bigras.
8:05 of 3rd period - Shot Blocked by Viktor Loov.
8:18 of 3rd period - Slapshot by Viktor Loov.
8:18 of 3rd period - Stopped by Alex Nedeljkovic with a rebound.
8:20 of 3rd period - Wrist shot by Nick Spaling.
8:20 of 3rd period - Shot Misses the Net.
8:46 of 3rd period - Alex Tuch is hit by Jordan Szwarz and loses puck.
9:09 of 3rd period - Wrist shot by Pavel Buchnevich.
9:09 of 3rd period - Shot Misses the Net.
9:55 of 3rd period - Peter Holland is hit by Nail Yakupov and loses puck.
11:03 of 3rd period - Slapshot by Nikita Zadorov.
11:03 of 3rd period - Shot Blocked by Peter Holland.
11:37 of 3rd period - Icing by Cameron Gaunce.
11:38 of 3rd period - Darroll Powe wins face-off versus Lars Eller in Diablos zone.
11:41 of 3rd period - Snap shot by Brock McGinn.
11:41 of 3rd period - Stopped by Kristers Gudlevskis without a rebound.
11:42 of 3rd period - Darroll Powe wins face-off versus Lars Eller in Diablos zone.
13:07 of 3rd period - Snap shot by Corey Trivino.
13:07 of 3rd period - Stopped by Alex Nedeljkovic without a rebound.
13:08 of 3rd period - Corey Trivino wins face-off versus Darroll Powe in Diables zone.
13:33 of 3rd period - Backhand shot by Viktor Loov.
13:33 of 3rd period - Shot Misses the Net.
13:55 of 3rd period - Minor Penalty to Nail Yakupov for High sticking.
13:56 of 3rd period - Lars Eller wins face-off versus Frederik Gauthier in Diables zone.
14:26 of 3rd period - Wrist shot by Jordan Szwarz.
14:26 of 3rd period - Stopped by Alex Nedeljkovic with a rebound.
14:32 of 3rd period - Snap shot by Jordan Szwarz.
14:32 of 3rd period - Shot Misses the Net.
15:19 of 3rd period - Snap shot by Max Domi.
15:19 of 3rd period - Stopped by Kristers Gudlevskis with a rebound.
15:55 of 3rd period - Penalty to Nail Yakupov is over, Nail Yakupov is back on ice.
16:15 of 3rd period - Wrist shot by Brandon Prust.
16:15 of 3rd period - Stopped by Kristers Gudlevskis without a rebound.
16:16 of 3rd period - Aleksander Barkov wins face-off versus Riley Nash in Diablos zone.
17:05 of 3rd period - Jordan Szwarz is hit by Carl Gunnarsson and loses puck.
17:22 of 3rd period - Darroll Powe is hit by Nick Spaling and loses puck.
18:06 of 3rd period - Alex Tuch is hit by Lars Eller.
18:13 of 3rd period - Icing by Nick Spaling.
18:14 of 3rd period - Mark Jankowski wins face-off versus Lars Eller in Diablos zone.
18:41 of 3rd period - Slapshot by Darroll Powe.
18:41 of 3rd period - Stopped by Kristers Gudlevskis with a rebound.
18:55 of 3rd period - Backhand shot by Jordan Szwarz.
18:55 of 3rd period - Deflect By Lars Eller.
18:55 of 3rd period - Stopped by Alex Nedeljkovic with a rebound.
19:03 of 3rd period - Lars Eller is hit by Eric Gustafsson and loses puck.
19:06 of 3rd period - Diables, Alex Nedeljkovic is pulled from the net.
19:14 of 3rd period - Snap shot by Aleksander Barkov.
19:14 of 3rd period - Deflect By Max Domi.
19:14 of 3rd period - Stopped by Kristers Gudlevskis with a rebound.
19:16 of 3rd period - Slapshot by Pavel Buchnevich.
19:16 of 3rd period - Shot Misses the Net.
19:18 of 3rd period - Wrist shot by Will Butcher.
19:18 of 3rd period - Stopped by Kristers Gudlevskis without a rebound.
19:19 of 3rd period - Larry Robinson call a timeout for Diables.
19:19 of 3rd period - Aleksander Barkov wins face-off versus Lars Eller in Diablos zone.
19:39 of 3rd period - Wrist shot by Lars Eller.
19:39 of 3rd period - Goal by Lars Eller - Diablos : 3 - Diables : 1.
19:39 of 3rd period - Alex Nedeljkovic from Diables was sent back in the game.
19:40 of 3rd period - Frederik Gauthier wins face-off versus Peter Holland in neutral zone.
19:47 of 3rd period - Snap shot by Brandon Prust.
19:47 of 3rd period - Deflect By Alex Tuch.
19:47 of 3rd period - Stopped by Kristers Gudlevskis with a rebound.
19:49 of 3rd period - Wrist shot by Frederik Gauthier.
19:49 of 3rd period - Shot Blocked by Alex Petrovic.
19:51 of 3rd period - Slapshot by Carl Gunnarsson.
19:51 of 3rd period - Shot Blocked by Brian Dumoulin.
Goals for this period are 2 for Diablos vs 1 for Diables.
Shots for this period are 11 for Diablos vs 13 for Diables.
Back to the Top